 Dungeon Crawl Stone Soup version 0.26.0-41-g79a4fc7684 (webtiles) character file.

Game seed: 4836223290765388913

64 kaeus the Ducker (level 4, -5/31 HPs)
             Began as an Octopode Fighter on Jan 27, 2021.
             Slain by Natasha (7 damage)
             ... on level 2 of the Dungeon.
             The game lasted 00:01:01 (987 turns).

kaeus the Ducker (Octopode Fighter)                  Turns: 987, Time: 00:01:02

Health: -5/31      AC:  1    Str: 13 (15) XL:     4   Next: 12%
Magic:  4/4        EV: 12    Int:  7 (10) God:
Gold:   28         SH:  8    Dex: 11 (12) Spells: 3/3 levels left

rFire    + . .     SeeInvis .   a - +0 rapier
rCold    + . .     Faith    .   b - +0 kite shield
rNeg     . . .     Spirit   .   (helmet restricted)
rPois    +         Reflect  .   (no amulet)
rElec    +         Harm     .   (no ring)
rCorr    +         Rampage  .   (no ring)
Will     .....                  (no ring)
Stlth    +++.......             (no ring)
HPRegen  0.10/turn              (no ring)
MPRegen  0.09/turn              (no ring)
                                (no ring)
                                (no ring)

@: resistant, slowed, very slow
A: almost no armour, stealthy swim, amphibious, 8 rings, constrict 8, camouflage
1, gelatinous body 1
a: no special abilities


You were on level 2 of the Dungeon.
You visited 1 branch of the dungeon, and saw 2 of its levels.

You collected 28 gold pieces.

Inventory:

Hand Weapons
 a - a +0 rapier (weapon)
Armour
 b - a +0 kite shield (worn)
Scrolls
 d - 3 scrolls of identify {unknown}
 f - 2 scrolls of amnesia {unknown}
 g - a scroll of immolation {unknown}
Potions
 c - a potion of might


   Skills:
 + Level 3.3 Fighting
 + Level 2.4 Short Blades
 + Level 3.4 Dodging
 * Level 2.7 Stealth
 + Level 3.3 Shields


You had 3 spell levels left.
You didn't know any spells.
Your spell library was empty.

Dungeon Overview and Level Annotations

Branches:
Dungeon (2/15)

Altars:

Annotations:
D:2 Jessica, Natasha


Innate Abilities, Weirdness & Mutations

You cannot wear most types of armour.
You are very stealthy in the water. (Stealth+)
You are amphibious.
You can wear up to eight rings at the same time.
You can use your tentacles to constrict eight enemies at once.
Your skin changes colour to match your surroundings (Stealth+).
Your rubbery body absorbs attacks. (AC +1, EV +1)


Message History

It was a potion of resistance.
You feel protected.
You constrict the iron imp.
It was a potion of degeneration.
There was something very wrong with that liquid.
You feel weakened.
You feel dopey.
You feel clumsy.
You constrict the iron imp.
You kill the iron imp!
You puncture Natasha! You grab Natasha.
Natasha is heavily wounded.
You constrict Natasha.
Natasha casts a spell.
Natasha casts a spell at you.
You feel yourself slow down.
Your shield prevents you from hitting Natasha.
Your squeeze misses Natasha.
Natasha is severely wounded.
You constrict Natasha.
The crimson imp disappears in a puff of smoke!
Natasha claws you!
You die...

#.. ........## #
##..#.....$...#
.##...##........#
.....##.........
#...##.......#
##[.......h..##
#..(5##..(...[#
#....@#....5..#
####
#.....h5......#
...#
###.#####.?......@
...# ###.).#
#.........
...###.##..###
##.#......
...<...##.##
#........
....#####.####
##.......
....##.......#
#......
......รท......#
$....


You could see Natasha and 2 white imps.

Vanquished Creatures
  Natasha (D:2)
  An adder (D:2)
  A worm (D:2)
  A dart slug (D:1)
  3 giant cockroaches
  4 goblins
  2 hobgoblins
  4 kobolds (D:1)
  4 bats
  2 frilled lizards (D:1)
  5 rats (D:1)
28 creatures vanquished.

Notes
Turn   | Place    | Note
-------+----------+-------------------------------------------
     0 | D:1      | kaeus the Octopode Fighter began the quest for the Orb.
     0 | D:1      | Reached XP level 1. HP: 16/16 MP: 1/1
    55 | D:1      | Reached skill level 1 in Stealth
    65 | D:1      | Reached XP level 2. HP: 17/21 MP: 2/2
   654 | D:2      | Noticed Natasha
   660 | D:2      | Killed Natasha
   660 | D:2      | Noticed Jessica
   661 | D:2      | Reached XP level 3. HP: 9/26 MP: 3/3
   972 | D:2      | Reached XP level 4. HP: 25/31 MP: 4/4
   972 | D:2      | Noticed Natasha
   983 | D:2      | HP: 1/31 [iron imp[Natasha] (11)]
   987 | D:2      | Slain by Natasha

Illustrated notes

Levels and vault maps discovered:
D:1:      lightli_arrival_isolated_outpost, layout_basic
D:2:      layout_rooms, chequers_ecumenical_altar_twisty, st_stairs_7,
          uniq_jessica, uniq_natasha

Skill      XL: |  1  2 |
---------------+-------+-----
Stealth        | 1 2 |  2.7
Fighting       | |  3.3
Short Blades   | |  2.4
Dodging        | |  3.4
Shields        | |  3.3

Action                   |  1- 3 |  4- 6 || total
-------------------------+-------+-------++-------
Melee: Rapier            |    50 |     9 ||    59
       Constrict         |    13 |     3 ||    16
       Tentacles         |     3 |     3 ||     6
  Use: Potion            |       |     2 ||     2
 Stab: Sleeping          |     6 |       ||     6
Armor: Skin              |     4 |       ||     4
Dodge: Dodged            |    18 |     2 ||    20
Block: Kite shield       |    18 |     2 ||    20
